 Dungeon Crawl Stone Soup version 0.20.1-1-g8b1a95d (console) character file.

84 vuolankoinen the Skirmisher (level 4, -10/37 HPs)
             Began as a Demonspawn Abyssal Knight on Dec 12, 2017.
             Was a Believer of Lugonu.
             Killed by divine providence
             ... invoked by an orc priest
              (11 damage)
             ... on level 2 of the Dungeon.
             The game lasted 00:05:33 (1058 turns).

vuolankoinen the Skirmisher (DsAK)                  Turns: 1058, Time: 00:05:34

Health: -10/37     AC:  8    Str: 14    XL:     4   Next: 24%
Magic:  5/5        EV:  6    Int: 13    God:    Lugonu [**....]
Gold:   59         SH:  0    Dex: 12    Spells: 3/3 levels left

rFire    . . .     SeeInvis .   a - +1 spear
rCold    . . .     Gourm    .   (no shield)
rNeg     . . .     Faith    .   g - +0 chain mail
rPois    .         Spirit   .   (no helmet)
rElec    .         Reflect  .   (no cloak)
rCorr    .         Harm     .   (no gloves)
MR       .....                  (no boots)
Stlth    ..........             (no amulet)
Regen    0.2/turn               k - ring of flight
MPRegen  0.1/turn               (no ring)

@: hasted, very quick
A: claws 1, powered by pain 1
a: Depart the Abyss, Bend Space, Renounce Religion, Evoke Flight


You were on level 2 of the Dungeon.
You worshipped Lugonu.
Lugonu was pleased with you.
You were hungry.

You visited 1 branch of the dungeon, and saw 2 of its levels.
You visited the Abyss 1 time.

You collected 59 gold pieces.

Inventory:

Hand Weapons
 a - a +1 spear (weapon)
Armour
 b - a +0 leather armour
 g - a +0 chain mail (worn)
Jewellery
 d - a +2 ring of intelligence {unknown}
 k - a ring of flight (left claw)
Scrolls
 h - a scroll of fear {unknown}
 i - 2 scrolls of immolation {unknown}
 m - a scroll of magic mapping {unknown}
 n - a scroll of enchant weapon {unknown}
Potions
 j - a potion of flight {unknown}
 l - a potion of resistance {unknown}
Comestibles
 c - a bread ration
 f - 2 royal jellies


   Skills:
 * Level 3.8 Fighting
 * Level 3.3 Polearms
 + Level 2.0 Armour
 + Level 0.8 Dodging
 + Level 2.5 Invocations


You had 3 spell levels left.
You didn't know any spells.

Dungeon Overview and Level Annotations

Branches:
Dungeon (2/15)

Altars:
Trog


Innate Abilities, Weirdness & Mutations

You have sharp fingernails.
You sometimes gain a little power by taking damage.


Message History

You hit the orc priest but do no damage.
The orc priest is lightly wounded.
The orc priest mumbles some strange prayers to Beogh against you.
Pain shoots through your body!
* * * LOW HITPOINT WARNING * * *
You are too injured to fight recklessly!
You are too injured to fight recklessly!
You closely miss the orc priest.
The orc priest is lightly wounded.
The orc priest mumbles some strange prayers to Beogh against you.
Beogh smites you!
* * * LOW HITPOINT WARNING * * *
It was a potion of haste.
You feel yourself speed up. The orc priest closely misses you.
You hit the orc priest but do no damage.
The orc priest is lightly wounded.
You hit the orc priest but do no damage.
The orc priest is lightly wounded.
The orc priest invokes the aid of Beogh against you.
Beogh smites you!
You die...

# ##.## ..... #..
.. ##.## #.. . #
#.#.# # ##.#.### #
... ..# # #.# #.#
###.###.#####
##........@o.#
#..#########)#
#.###..oo......#
###.##..8...8.o.##
#...#$..........#
#...#⌠....o.....#
#?#.#$..........#
#.#.##..8...8...#
#...###.........#
##....#########..#
#................#.


You could see an orc priest.

Vanquished Creatures
  An orc priest (D:2)
  An ooze (D:1)
  3 dart slugs (D:1)
  An orc (D:2)
  A ball python (D:1)
  3 giant cockroaches
  4 goblins
  7 hobgoblins
  4 jackals (D:2)
  2 bats (D:1)
  4 frilled lizards
  7 kobolds
  6 rats
44 creatures vanquished.

Notes
Turn   | Place    | Note
-------+----------+-------------------------------------------
     0 | Abyss:1  | vuolankoinen the Demonspawn Abyssal Knight began the quest for the Orb.
     0 | Abyss:1  | Reached XP level 1. HP: 18/18 MP: 2/2
    41 | Abyss:1  | Noticed a small abomination
    44 | Abyss:1  | Noticed an ancient zyme
    50 | Abyss:1  | Noticed an ancient zyme
    51 | D:1      | Escaped the Abyss
   180 | D:1      | Reached * piety under Lugonu
   211 | D:1      | Gained mutation: You have sharp fingernails. [demonic ancestry]
   211 | D:1      | Reached XP level 2. HP: 21/24 MP: 3/3
   431 | D:1      | Reached XP level 3. HP: 15/29 MP: 4/4
   700 | D:2      | Reached ** piety under Lugonu
   767 | D:2      | Found a bloodstained altar of Trog.
  1047 | D:2      | Gained mutation: You sometimes gain a little power by taking damage. [demonic ancestry]
  1047 | D:2      | Reached XP level 4. HP: 28/37 MP: 5/5
  1055 | D:2      | HP: 1/37 [orc priest/divine providence (9)]
  1058 | D:2      | Killed from afar by an orc priest

Skill      XL: |  1  2  3 |
---------------+----------+-----
Polearms       | 2 3 |  3.3
Armour         | 2 |  2.0
Fighting       | |  3.8
Dodging        | |  0.8
Invocations    | |  2.5

Action                   |  1- 3 |  4- 6 || total
-------------------------+-------+-------++-------
Melee: Spear             |   178 |     9 ||   187
Invok: Depart the Abyss  |     1 |       ||     1
  Use: Potion            |       |     1 ||     1
Armor: Chain mail        |    81 |       ||    81
Dodge: Dodged            |    40 |     1 ||    41
